AoeStats
← Runxi24

African Clearing

504256125Analyzed
4v4 RM · 28d ago on Sep 4, 2026· 30m 26s· 8 players
Game mode
Random Map
Map size
Large (8 player)
Population
200
Speed
Normal
Resources
Standard
Victory
Conquest
Starting age
Dark Age
Ending age
Imperial Age
RankedLock teamsTeams togetherTeam positionsShared explorationLock speedFull tech treeHidden civsTurbo modeCheats
Victory
Defeat
1288
+13
🇪🇸 Poles · Spain
1244
+15
🇧🇷 Huns · Brazil
1235
+15
🇪🇸 Tatars · Spain
1174
+18
🇯🇵 Vietnamese · Japan
1261
-17
🇭🇰 Mongols · Hong Kong SAR China
1224
-15
🇭🇰 Goths · Hong Kong SAR China
1213
-15
🇹🇼 Saracens · Taiwan
1189
-14
北九州最強ACE
7:07 Loom
15:32 Feudal Age
18:21 Double-Bit Axe
23:41 Castle Age
24:51 Bow Saw
24:27 Fishing Lines
阿丞丞
10:15 Loom
12:50 Feudal Age
15:11 Gold Mining
15:20 Double-Bit Axe
22:12 Padded Archer Armor
22:04 Fletching
26:40 Castle Age
NevErXsTop
11:04 Loom
12:53 Feudal Age
15:58 Town Watch
grifon_5th
9:11 Loom
11:54 Feudal Age
13:37 Double-Bit Axe
14:56 Town Watch
20:21 Castle Age
19:13 Gold Mining
19:04 Horse Collar
19:33 Scale Barding Armor
22:22 Bow Saw
22:14 Heavy Plow
22:06 Stone Mining
24:29 Wheelbarrow
27:18 Fletching
27:28 Padded Archer Armor
28:42 Bodkin Arrow
29:43 Leather Archer Armor
ReyCocobolo
5:58 Loom
12:15 Feudal Age
12:54 Double-Bit Axe
14:35 Fletching
15:47 Town Watch
20:41 Wheelbarrow
22:56 Padded Archer Armor
23:47 Gold Mining
23:38 Horse Collar
26:54 Castle Age
25:21 Stone Mining
28:03 Bow Saw
27:53 Heavy Plow
27:51 Bodkin Arrow
30:44 Ballistics
cesarmmartins
9:45 Loom
12:52 Feudal Age
14:01 Double-Bit Axe
16:27 Forging
18:32 Bloodlines
18:40 Scale Barding Armor
21:04 Horse Collar
26:48 Castle Age
25:12 Gold Mining
25:13 Stone Mining
29:04 Iron Casting
29:40 Wheelbarrow
28:50 Town Watch
漠北万丈孤烟长河落日圆
4:27 Loom
12:25 Feudal Age
13:20 Double-Bit Axe
13:49 Horse Collar
23:07 Castle Age
23:18 Wheelbarrow
22:28 Town Watch
23:29 Bloodlines
24:05 Bow Saw
23:57 Heavy Plow
Runxi24
9:29 Loom
10:16 Loom
14:11 Feudal Age
15:12 Double-Bit Axe
22:00 Fletching
27:46 Castle Age
28:17 Horse Collar
28:54 Bodkin Arrow
28:22 Crossbowman
30:04 Bow Saw
Connection lost

Rejoining the realm…

Still unreachable

The connection could not be restored.

Session expired

The server has moved on; the page needs a fresh start.